 Dungeon Crawl Stone Soup version 0.23-b1-51-gfe822ef6ca (webtiles) character file.

Game seed: 3194599067524254748

12679 Gargoyl the Cleaver (level 11, 0/91 (92) HPs)
             Began as a Centaur Abyssal Knight on Feb 4, 2019.
             Was the Champion of Lugonu.
             Hit by a tomahawk of returning thrown by an orc warrior (10 damage)
             ... on level 10 of the Dungeon.
             The game lasted 00:26:01 (13042 turns).

Gargoyl the Cleaver (Centaur Abyssal Knight)       Turns: 13042, Time: 00:26:02

HP:   0/91 (92)     AC: 13    Str: 18    XL:     11   Next: 65%
MP:   17/17         EV: 11    Int: 11    God:    Lugonu [******]
Gold: 1077          SH:  0    Dex: 11    Spells: 10/10 levels left

rFire    . . .     SeeInvis +   w - +2 war axe (venom)
rCold    . . .     Gourm    .   (no shield)
rNeg     . . .     Faith    .   f - +2 ring mail {MR+}
rPois    .         Spirit   .   r - +2 helmet {SInv}
rElec    .         Reflect  .   (no cloak)
rCorr    .         Harm     .   s - +0 pair of gloves
MR       +....     Clarity  +   (no barding)
Stlth    ..........             h - amulet of regeneration
HPRegen  0.65/turn              (no ring)
MPRegen  0.15/turn              (no ring)

@: very quick
A: large, hooves 3, agile 1, clarity, deformed body, speed 2, tough skin 3
a: Depart the Abyss, Bend Space, Banish, Corrupt, Enter the Abyss, Brand Weapon
With Distortion, Renounce Religion


You were on level 10 of the Dungeon.
You worshipped Lugonu.
Lugonu was exalted by your worship.
You were not hungry.

You visited 1 branch of the dungeon, and saw 10 of its levels.
You visited the Abyss 1 time.
You also visited: Bailey.

You collected 1077 gold pieces.

Inventory:

Hand Weapons
 a - a +2 hand axe
 n - a +0 broad axe
 w - a +2 war axe of venom (weapon)
Missiles
 y - 28 tomahawks of returning (quivered)
Armour
 f - a +2 ring mail of magic resistance (worn)
 r - a +2 helmet of see invisible (worn)
 s - a +0 pair of gloves (worn)
Jewellery
 h - an amulet of regeneration (around neck)
 j - an uncursed ring of fire
Wands
 p - a wand of iceblast (1)
 u - a wand of flame (23)
Scrolls
 b - 3 scrolls of identify
 k - 8 scrolls of teleportation
 m - 4 scrolls of remove curse
 o - 3 scrolls of magic mapping
 t - 2 scrolls of blinking
Potions
 d - a potion of ambrosia
 e - a potion of heal wounds
 g - a potion of resistance {unknown}
 i - a potion of haste
 l - 3 potions of curing
 v - 2 potions of lignification
 x - 2 potions of brilliance
Comestibles
 c - 15 rations
 q - 2 chunks of flesh


   Skills:
 + Level 7.1 Fighting
   Level 2.3 Long Blades
 + Level 9.0 Axes
 + Level 0.1 Throwing
 * Level 7.4 Armour
 * Level 6.1 Dodging
 * Level 8.7 Invocations
 + Level 1.0 Evocations


You had 10 spell levels left.
You didn't know any spells.
Your spell library contained the following spells:

 Spells                   Type           Power        Failure   Level  Hunger
 Freeze                   Ice            #...         50%         1    ##.....
 Throw Frost              Conj/Ice       #.....       65%         2    ###....
 Ozocubu's Armour         Chrm/Ice       #.......     86%         3    ####...
 Summon Ice Beast         Ice/Summ       #.......     99%         4    #####..
 Throw Icicle             Conj/Ice       #.......     99%         4    #####..


Dungeon Overview and Level Annotations

Branches:
Dungeon (10/15)            Temple (0/1) D:7
   Lair: D:8-11         Orc: D:9-12

Altars:
Cheibriados
Dithmenos
Elyvilon
Fedhas
Kikubaaqudgha
Okawaru
Sif Muna
Vehumet
Wu Jian
Xom
Yredelemnul
The Shining One

Shops:
D:8 (:

Annotations:
D:8 1 runed translucent door, endorz's ghost, novice MfGl
Abyss:1 Joseph, Prince Ribbit


Innate Abilities, Weirdness & Mutations

You have hooves in place of feet.
Armour fits poorly on your strangely shaped body.
You cover ground very quickly.
You have extremely tough skin. (AC +3)
You are agile. (Dex +2)
You possess an exceptional clarity of mind.


Message History

The orc warrior closely misses you.
You closely miss the orc warrior.
The orc warrior hits you with a +0 short sword.
* * * LOW HITPOINT WARNING * * *
You hit the orc warrior but do no damage.
The orc warrior is poisoned.
The orc warrior barely misses you.
Unknown command.
Unknown command.
Unknown command.
Okay, then.
Things that are here:
a +0 leather armour; 16 gold pieces The orc warrior throws a tomahawk of returning.
The tomahawk of returning hits you.
* * * LOW HITPOINT WARNING * * *
The weapon returns to the orc warrior!
You see here a +0 club.
The orc warrior throws a tomahawk of returning.
The tomahawk of returning hits you!
You die...

#.........................##.
#..[..................÷......
##.....##........#..........#
##..####........##.#.##....#
####...# ##............###.##.
#.....## ###....##..[...#....
#.....# #.#..#####........
#.....########.#..# ##........
###$..††)))..(@...####..##.....
#......))#....)................
#........##..[[#...............
##.......#...#)##...##......##.
#.......#####o# ##..#....####.
#######.#


.oo #..##.......#. #.# ....# #........#... ### .....# ##...##.##... ......#
#..[.##.#.).# You could see an orc warrior and 2 orcs.

Vanquished Creatures
  Harold (D:8)
  A centaur zombie (D:10)
  A kobold demonologist (D:7)
  A hornet (D:9)
  4 hippogriffs
  10 yaks
  A hungry ghost (D:9)
  The ghost of Fliddo the Conjurer, an amateur DrCj (D:3)
  Menkaure (D:8)
  Duvessa (D:4)
  14 orc warriors
  3 sky beasts
  4 ice beasts
  A phantom (D:8)
  An eye of draining (D:10)
  3 necrophages
  5 ogres
  2 centaurs
  13 big kobolds
  10 bullfrogs
  Dowan (D:4)
  A water moccasin skeleton (D:6)
  A wyvern skeleton (D:6)
  7 scorpions
  24 killer bees
  3 wights
  3 howler monkeys
  3 crimson imps
  A quasit (D:10)
  A bullfrog zombie (D:10)
  4 hounds
  2 jellies
  2 bullfrog skeletons (D:10)
  7 orc priests
  15 orc wizards
  A centaur skeleton (D:6)
  4 iguanas
  9 worker ants
  Ijyb (D:4)
  2 hound zombies
  13 adders
  5 gnolls
  A worker ant zombie (D:8)
  A shadow imp (D:9)
  2 worker ant simulacra (D:3)
  4 oozes
  An adder skeleton (D:8)
  2 worms
  3 dart slugs
  3 leopard geckos
  52 orcs
  7 bats
  8 giant cockroaches
  12 goblins
  11 hobgoblins
  12 jackals
  3 quokkas
  5 ball pythons
  2 frilled lizards
  A giant cockroach simulacrum (D:3)
  2 gnoll zombies (D:5)
  22 kobolds
  A leopard gecko simulacrum (D:3)
  2 leopard gecko skeletons
  18 rats
363 creatures vanquished.

Vanquished Creatures (others)
  The ghost of Thargor the Shield-Bearer, a novice FoFi of the Shining One (D:7)
  A kobold (D:8)
  4 fungi (D:7)
6 creatures vanquished.

Grand Total: 369 creatures vanquished

Notes
Turn   | Place    | Note
-------+----------+-------------------------------------------
     0 | Abyss:1  | Gargoyl the Centaur Abyssal Knight began the quest for the
                  | Orb.
     0 | Abyss:1  | Reached XP level 1. HP: 19/19 MP: 2/2
    35 | Abyss:1  | Noticed a large abomination
    60 | Abyss:1  | Noticed a smoke demon
   115 | Abyss:2  | Noticed a small abomination
   163 | Abyss:3  | Got a warped leather armour
   174 | Abyss:3  | Identified the +1 leather armour of the Crown {MR+ MP+9
                  | Dex+3} (You found it on level 3 of the Abyss)
   178 | Abyss:3  | Noticed a large abomination
   203 | D:1      | Escaped the Abyss
   508 | D:1      | Reached XP level 2. HP: 23/26 MP: 3/3
   577 | D:1      | Reached * piety under Lugonu
   646 | D:1      | Reached skill level 2 in Axes
   883 | D:1      | Reached skill level 1 in Dodging
   900 | D:1      | Reached XP level 3. HP: 24/31 MP: 4/4
  1237 | D:2      | Found a glowing golden altar of the Shining One.
  1553 | D:2      | Reached ** piety under Lugonu
  1589 | D:2      | Reached XP level 4. HP: 37/38 MP: 6/6
  2386 | D:3      | Found a runed translucent gate.
  2386 | D:3      | Found a runed translucent gate.
  2386 | D:3      | Found a runed translucent gate.
  2406 | D:3      | Noticed Fliddo's ghost (amateur DrCj)
  2446 | D:3      | Killed Fliddo's ghost
  2446 | D:3      | Reached skill level 3 in Axes
  2446 | D:3      | Reached XP level 5. HP: 22/45 MP: 7/7
  2935 | D:3      | Reached *** piety under Lugonu
  3008 | D:3      | Reached XP level 6. HP: 47/52 MP: 8/8
  3201 | D:3      | Found a white marble altar of Elyvilon.
  3595 | D:4      | Noticed Ijyb
  3612 | D:4      | Killed Ijyb
  3895 | D:4      | Reached XP level 7. HP: 50/58 MP: 9/9
  4004 | D:3      | Reached skill level 4 in Axes
  4320 | D:4      | Noticed Duvessa
  4320 | D:4      | Noticed Dowan
  4339 | D:4      | Killed Duvessa
  4360 | D:4      | Killed Dowan
  4883 | D:5      | Entered Level 5 of the Dungeon
  4895 | D:5      | Reached XP level 8. HP: 64/66 MP: 11/11
  4935 | D:5      | Reached **** piety under Lugonu
  5084 | D:5      | Found a shadowy altar of Dithmenos.
  5142 | D:5      | Reached skill level 5 in Axes
  5333 | D:5      | Found a blossoming altar of Fedhas.
  5675 | D:5      | Found a basalt altar of Yredelemnul.
  5848 | D:6      | Gained mutation: You possess an exceptional clarity of
                  | mind. [potion of mutation]
  5848 | D:6      | Gained mutation: You are agile. (Dex +2) [potion of
                  | mutation]
  5848 | D:6      | Gained mutation: Scrolls take you a little longer to read.
                  | [potion of mutation]
  5848 | D:6      | Lost mutation: Scrolls take you a little longer to read.
                  | [potion of mutation]
  6054 | D:6      | Reached skill level 5 in Invocations
  6385 | D:6      | Found a radiant altar of Vehumet.
  6434 | D:6      | Found an ancient bone altar of Kikubaaqudgha.
  6455 | D:6      | Found a deep blue altar of Sif Muna.
  6677 | D:6      | Reached skill level 6 in Axes
  6677 | D:6      | Reached XP level 9. HP: 63/73 MP: 13/13
  6834 | D:6      | Reached skill level 5 in Fighting
  6834 | D:6      | Reached skill level 5 in Armour
  7403 | D:7      | Found a staircase to the Ecumenical Temple.
  7765 | D:6      | Reached ***** piety under Lugonu
  7895 | D:7      | Found a snail-covered altar of Cheibriados.
  7982 | D:7      | Noticed Joseph
  7988 | D:7      | Noticed Menkaure
  8150 | D:8      | Found Hoixzu's Book Shop.
  8196 | D:8      | Noticed Prince Ribbit
  8198 | D:8      | Banished Prince Ribbit
  8758 | D:8      | Killed Menkaure
  8758 | D:8      | Reached XP level 10. HP: 72/81 MP: 13/15
  8774 | D:7      | Banished Joseph
  8774 | D:7      | Reached skill level 7 in Axes
  8959 | D:7      | Found an ornate altar of the Wu Jian Council.
  9004 | D:7      | Identified the +3 dagger "Kodet" {chaos, +Blink MR+ Dex+2}
  9005 | D:7      | Found a runed translucent gate.
  9006 | D:7      | Found a runed translucent gate.
  9007 | D:7      | Found a runed translucent gate.
  9010 | D:7      | Noticed Thargor's ghost (novice FoFi)
  9091 | D:7      | Noticed a sun demon
  9098 | D:7      | Got a polished great sword
  9112 | D:7      | Identified the +11 great sword of Paper {vamp, -Tele +Fly
                  | rElec Int+7} (You found it on level 7 of the Dungeon)
  9205 | D:7      | Reached skill level 5 in Dodging
  9226 | D:7      | Reached skill level 1 in Long Blades
  9243 | D:7      | Banished Thargor's ghost
  9520 | D:8      | Noticed Harold
  9927 | D:8      | Killed Harold
 10396 | D:8      | Found a runed translucent door.
 10396 | D:8      | Found a shimmering altar of Xom.
 10396 | D:8      | Noticed endorz's ghost (novice MfGl)
 10396 | D:8      | Noticed a +1 war axe of chaos
 10452 | D:8      | Found Yxitieq's Weapon Boutique.
 10496 | D:9      | Found a flagged portal.
 10524 | Bailey   | Entered a bailey
 10530 | Bailey   | Noticed an orc knight
 10783 | Bailey   | Noticed an orc knight
 10816 | Bailey   | HP: 3/84 [orc knight/+0 war axe (19)]
 11349 | D:9      | Reached XP level 11. HP: 82/91 MP: 16/16
 11416 | D:9      | Reached skill level 8 in Axes
 11940 | D:9      | Found an iron altar of Okawaru.
 12169 | D:10     | Entered Level 10 of the Dungeon
 12470 | D:10     | Reached skill level 1 in Evocations
 12982 | D:10     | Reached skill level 9 in Axes
 12992 | D:10     | Reached ****** piety under Lugonu
 13042 | D:10     | Hit by a tomahawk of returning thrown by an orc warrior

Skill      XL: |  1  2  3  4  5  6  7  8  9 10 11 |
---------------+----------------------------------+-----
Axes           | 2 3 4 6 7 9 |  9.0
Dodging        | 1 2 3 4 5 6 |  6.1
Armour         | 2 3 4 6 7 |  7.4
Invocations    | 3 4 5 6 7 8 |  8.7
Fighting       | 4 5 6 7 |  7.1
Long Blades    | 2 |  2.3
Evocations     | 1 |  1.0
Throwing       | |  0.1

Action                   |  1- 3 |  4- 6 |  7- 9 | 10-12 || total
-------------------------+-------+-------+-------+-------++-------
Melee: Hand axe          |   109 |   154 |   560 |    40 ||   863
       Kick              |    27 |    37 |   138 |   135 ||   337
       War axe           |       |       |       |   451 ||   451
       Great sword       |       |       |       |    46 ||    46
Throw: Tomahawk          |       |       |       |     2 ||     2
Invok: Depart the Abyss  |     1 |       |       |       ||     1
       Banish            |       |       |     1 |     2 ||     3
       Bend Space        |       |       |     1 |     1 ||     2
Evoke: Wand              |       |       |     5 |    20 ||    25
  Use: Scroll            |    10 |     4 |     5 |     5 ||    24
       Potion            |     1 |     4 |     5 |     6 ||    16
 Stab: Invisible         |     3 |       |       |       ||     3
       Paralysed         |       |       |    10 |       ||    10
  Eat: Chunk             |     2 |     2 |    14 |     8 ||    26
       Ration            |       |     1 |       |     5 ||     6
Armor: Leather armour    |    62 |    77 |     3 |       ||   142
       Plate armour      |       |       |    56 |       ||    56
       Ring mail         |       |       |   290 |   346 ||   636
       Skin              |       |       |    37 |       ||    37
Dodge: Dodged            |    71 |    74 |   299 |   433 ||   877
       Rpst.: Great sword |       |       |       |    11 ||    11
